[Event "ICCopen2017"]
[Site "Internet Chess Club"]
[Date "2017.03.25"]
[Round "10"]
[White "ajam"]
[Black "VrloJakMK"]
[Result "1-0"]
[ICCResult "Black resigns"]
[WhiteElo "1931"]
[BlackElo "2019"]
[Opening "King's Indian: 6.Be2"]
[ECO "E91"]
[NIC "KI.19"]
[Time "15:59:17"]
[TimeControl "180+0"]

1. c4 Nf6 2. Nc3 g6 3. d4 Bg7 4. Nf3 O-O 5. e4 d6 6. Be2 Nc6 7. h3 e5 8. d5
Ne7 9. Be3 Nd7 10. O-O f5 11. exf5 gxf5 12. Bg5 Nf6 13. Qc2 Ng6 14. Rab1 a6
15. b4 b6 16. c5 Qe8 17. cxd6 cxd6 18. b5 a5 19. Na4 Rb8 20. Qc6 Bd7 21.
Qxd6 Ne4 22. Qc7 Rf7 23. Qc2 Nd6 24. Nc3 e4 25. Nd2 h6 26. Be3 f4 27. Ndxe4
Nxe4 28. Nxe4 fxe3 29. Nd6 Bf5 30. Nxf5 Rc8 31. Qd3 exf2+ 32. Kh1 Ne5 33.
Nd6 Nxd3 34. Nxe8 Rxe8 35. Bxd3 Bd4 36. Bg6 Rd8 37. Bxf7+ Kxf7 38. Rbd1 Rxd5
39. Rxf2+ Ke6 40. Rfd2 Ke5 41. a4 h5 42. g4 hxg4 43. hxg4 Rd6 44. Kg2 Bc5
45. Rxd6 Bxd6 46. Kf3 Bb4 47. Rd7 Bc5 48. Kg3 Ke6 49. Rd3 Bd6+ 50. Kh4 Bc5
51. g5 Kf5 52. Kh5 Ke4 53. Rd7 {Black resigns} 1-0

[Event "ICCopen2017"]
[Site "Internet Chess Club"]
[Date "2017.03.25"]
[Round "10"]
[White "TrendFriend"]
[Black "topotun"]
[Result "0-1"]
[ICCResult "White resigns"]
[WhiteElo "2344"]
[BlackElo "2846"]
[Opening "Sicilian defense"]
[ECO "B40"]
[NIC "SI.43"]
[Time "15:59:54"]
[TimeControl "180+0"]

1. e4 c5 2. Nf3 e6 3. Nc3 Nc6 4. g3 d5 5. exd5 exd5 6. d4 Bg4 7. Be2 Nf6 8.
Be3 c4 9. h3 Be6 10. a3 h6 11. Qd2 Bd6 12. Bf4 Qb8 13. Bxd6 Qxd6 14. O-O-O
a6 15. Qe3 b5 16. Ne5 Rb8 17. Na2 a5 18. c3 O-O 19. f4 Ne4 20. Bf3 Nxg3 21.
Rhg1 Nf5 22. Qd2 f6 23. Nxc6 Qxc6 24. Rde1 Rfe8 25. Bg4 Qd7 26. Qc2 Nd6 27.
Rxe6 Rxe6 28. Qg6 f5 29. Qh5 fxg4 30. Qxg4 Rbe8 31. Rg2 Re1+ 32. Kc2 Qxg4
33. hxg4 R8e2+ 34. Rxe2 Rxe2+ 35. Kc1 Ne4 36. f5 Kf7 37. a4 bxa4 {White
resigns} 0-1

[Event "ICCopen2017"]
[Site "Internet Chess Club"]
[Date "2017.03.25"]
[Round "10"]
[White "LouiseErdrich"]
[Black "JRussell2"]
[Result "1-0"]
[ICCResult "Black resigns"]
[WhiteElo "1125"]
[BlackElo "1036"]
[Opening "Sicilian"]
[ECO "B50"]
[NIC "SI.01"]
[Time "16:00:01"]
[TimeControl "180+0"]

1. e4 c5 2. Nf3 d6 3. Bc4 e6 4. d3 Nf6 5. c3 Be7 6. O-O Nc6 7. Bb3 O-O 8.
Bc2 e5 9. h3 h6 10. Nbd2 Be6 11. Re1 d5 12. Nf1 dxe4 13. dxe4 Qxd1 14. Rxd1
Rfd8 15. Re1 c4 16. Ng3 Bc5 17. Be3 Bxe3 18. fxe3 b5 19. a3 a5 20. Nf5 Bxf5
21. exf5 b4 22. e4 bxc3 23. bxc3 a4 24. Rad1 Rab8 25. Rxd8+ Rxd8 26. Kf2 Rb8
27. Rb1 Rxb1 28. Bxb1 Kf8 29. Bc2 Ke7 30. Bxa4 Kd6 31. Bb5 Nxe4+ 32. Ke3
Nxc3 33. Bxc4 e4 34. Ne1 Nd5+ 35. Bxd5 Kxd5 36. Nc2 Kc5 37. Nb4 Nxb4 38.
axb4+ Kxb4 39. Kxe4 Kc5 40. Ke5 Kc4 41. g4 Kd3 42. h4 Ke3 43. g5 hxg5 44.
hxg5 Kf3 45. f6 g6 46. Kd6 Kg4 47. Ke7 Kxg5 48. Kxf7 Kf5 49. Kg7 g5 50. f7
g4 51. f8=Q+ Ke4 52. Qe8+ {Black resigns} 1-0

[Event "ICCopen2017"]
[Site "Internet Chess Club"]
[Date "2017.03.25"]
[Round "10"]
[White "schastlivchik"]
[Black "Xadrez47"]
[Result "1-0"]
[ICCResult "Black forfeits on time"]
[WhiteElo "1778"]
[BlackElo "1494"]
[Opening "English opening"]
[ECO "A10"]
[NIC "EO.64"]
[Time "15:59:15"]
[TimeControl "180+0"]

1. c4 d5 2. cxd5 Nf6 3. Nc3 Nxd5 4. g3 c6 5. Bg2 Nf6 6. Nf3 Qc7 7. d3 e5 8.
O-O Be7 9. Bd2 Bg4 10. Rb1 Nbd7 11. b4 O-O 12. Qb3 a6 13. Rfc1 Nb6 14. a4
Be6 15. Qc2 Nbd5 16. b5 Nb4 17. Qd1 axb5 18. Nxb5 Qa5 19. Nc3 Nfd5 20. Ng5
Bxg5 21. Nxd5 Bxd2 22. Ne7+ Kh8 23. Qxd2 Qd8 24. Qxb4 Re8 25. Nxc6 bxc6 26.
Bxc6 Rb8 27. Qxb8 Qxb8 28. Rxb8 Rxb8 29. a5 Bc8 30. Bd5 f6 31. Ra1 g6 32.
Kg2 Bb7 33. Bxb7 Rxb7 34. a6 Ra7 35. Kf3 Kg7 36. Ke4 Kf7 37. Kd5 Ke7 38. Kc6
Ke6 39. Kb6 Ra8 40. a7 Kd7 41. Kb7 Rc8 42. a8=Q {Black forfeits on time} 1-0

[Event "ICCopen2017"]
[Site "Internet Chess Club"]
[Date "2017.03.25"]
[Round "10"]
[White "ARMCOMPOSER"]
[Black "octavia"]
[Result "1-0"]
[ICCResult "Black resigns"]
[WhiteElo "2955"]
[BlackElo "2255"]
[Opening "Four knights: Scotch, 4...exd4"]
[ECO "C47"]
[NIC "KP.06"]
[Time "15:58:58"]
[TimeControl "180+0"]

1. e4 e5 2. Nf3 Nc6 3. Nc3 Nf6 4. d4 exd4 5. Nxd4 Bb4 6. Nxc6 bxc6 7. Bd3 d5
8. exd5 cxd5 9. O-O O-O 10. h3 Re8 11. Qf3 c6 12. Bf4 Qe7 13. a3 Bd6 14.
Bxd6 Qxd6 15. Rae1 Bd7 16. Qg3 Qxg3 17. fxg3 Rab8 18. b3 Kf8 19. g4 h6 20.
Na4 Rxe1 21. Rxe1 Re8 22. Rxe8+ Kxe8 23. Kf2 Ke7 24. Ke3 Kd6 25. Kd4 Be6 26.
Nc5 Nd7 27. Nxd7 Bxd7 28. b4 g5 29. Bh7 f6 30. Bd3 Be8 31. Bf5 Bf7 32. Bd3
Be8 33. Bh7 Bf7 34. a4 Be8 35. c3 Bf7 36. Bd3 Be8 37. Be2 Bf7 38. a5 Be8 39.
Bd3 Bd7 40. Bg6 Be6 41. Be8 Bg8 42. Bg6 Be6 43. Bd3 Bf7 44. c4 dxc4 45. Bxc4
Be8 46. Bd3 Bd7 47. Bg6 Be6 48. Be4 Bf7 49. Bf3 Be6 50. Ke4 Bd7 51. Be2 Be6
52. Bd3 Bd7 53. Bc4 Bc8 54. Bf7 Bd7 55. g3 c5 56. bxc5+ Kxc5 57. Bg6 Kb5 58.
Bf5 Bxf5+ 59. gxf5 Kxa5 60. Kd5 Kb4 61. Ke6 a5 62. Kxf6 a4 63. Kg6 a3 64. f6
a2 65. f7 a1=Q 66. f8=Q+ Kc4 67. Qf7+ Kd3 68. Qf3+ Kc4 69. Qe4+ Kc5 70. Qe7+
Kd5 71. Qb7+ Ke6 72. Qf7+ Kd6 73. Qf6+ Qxf6+ 74. Kxf6 Kd5 75. Kg6 Ke4 76.
Kxh6 Kf3 77. Kxg5 Kxg3 78. h4 {Black resigns} 1-0

[Event "ICCopen2017"]
[Site "Internet Chess Club"]
[Date "2017.03.25"]
[Round "10"]
[White "Hacker21"]
[Black "DarthVadar"]
[Result "1-0"]
[ICCResult "Black forfeits on time"]
[WhiteElo "1848"]
[BlackElo "1811"]
[Opening "Réti opening"]
[ECO "A04"]
[NIC "QP.11"]
[Time "15:58:58"]
[TimeControl "180+0"]

1. Nf3 d6 2. c4 e5 3. d3 Nd7 4. g3 Ngf6 5. Bg2 Be7 6. O-O O-O 7. Nc3 c6 8.
Rb1 Qc7 9. b4 a5 10. b5 Nc5 11. a4 d5 12. bxc6 bxc6 13. cxd5 cxd5 14. Nb5
Qb8 15. Ba3 e4 16. Nfd4 Qe5 17. Nc6 Qe6 18. Nxe7+ Qxe7 19. d4 e3 20. Bxc5
exf2+ 21. Rxf2 Qe3 22. Qd3 Qh6 23. Bxf8 Kxf8 24. Rbf1 Be6 25. Nc7 Rc8 26.
Nxe6+ fxe6 27. e4 Kg8 28. Rxf6 gxf6 29. exd5 exd5 30. Bxd5+ Kg7 31. Qf5 Rc7
32. Qf4 Qxf4 33. gxf4 Rd7 34. Bf3 Rxd4 35. Bd1 Rd2 36. Bb3 Kg6 37. Bc4 Kf5
38. Rf2 Rd4 39. Bb5 Ke4 40. Kg2 {Black forfeits on time} 1-0

[Event "ICCopen2017"]
[Site "Internet Chess Club"]
[Date "2017.03.25"]
[Round "10"]
[White "sonofmarabu"]
[Black "leonardoalmeida"]
[Result "1-0"]
[ICCResult "Black checkmated"]
[WhiteElo "1709"]
[BlackElo "1900"]
[Opening "Scandinavian (center counter) defense"]
[ECO "B01"]
[NIC "SD.01"]
[Time "15:58:55"]
[TimeControl "180+0"]

1. e4 d5 2. exd5 Qxd5 3. Nc3 Qa5 4. d4 c6 5. Nf3 Bg4 6. Be2 e6 7. h3 Bh5 8.
g4 Bg6 9. Ne5 Nf6 10. O-O Nbd7 11. Bf4 Nxe5 12. Bxe5 Be7 13. h4 h6 14. h5
Bh7 15. a3 Rd8 16. b4 Qxe5 17. dxe5 Rxd1 18. Raxd1 Nd5 19. Nxd5 cxd5 20. c4
dxc4 21. Bxc4 O-O 22. Rd7 Bg5 23. Rxb7 Be4 24. Rxa7 Bf3 25. b5 Bxg4 26. b6
Bf4 27. Re1 Bf3 28. b7 Bc6 29. Ba6 g6 30. Rb1 Bxe5 31. Ra8 gxh5 32. Rxf8+
Kxf8 33. b8=Q+ Bxb8 34. Rxb8+ Kg7 35. Bd3 h4 36. Rc8 Bd7 37. Rc7 Ba4 38. Bc4
Kf6 39. Ra7 Bc6 40. a4 h3 41. a5 h5 42. Rc7 Bf3 43. Bf1 Ke5 44. Bxh3 f5 45.
Bg2 Bxg2 46. Kxg2 Kf4 47. a6 e5 48. a7 e4 49. a8=Q h4 50. Qf8 Ke5 51. Qe7+
Kf4 52. Qxh4+ Ke5 53. Qe7+ Kf4 54. Rc4 Kg4 55. Rxe4+ fxe4 56. Qxe4+ Kg5 57.
Qf3 Kh4 58. Kh2 Kg5 59. Kh3 Kh6 60. Qg4 Kh7 61. Qg5 Kh8 62. Kh4 Kh7 63. Kg4
Kh8 64. Kf5 Kh7 65. Kf6 Kh8 66. Qg7# {Black checkmated} 1-0

[Event "ICCopen2017"]
[Site "Internet Chess Club"]
[Date "2017.03.25"]
[Round "10"]
[White "wagnerbi"]
[Black "geom"]
[Result "1-0"]
[ICCResult "Black forfeits on time"]
[WhiteElo "1953"]
[BlackElo "1586"]
[Opening "Queen's pawn game"]
[ECO "D02"]
[NIC "QP.09"]
[Time "15:59:45"]
[TimeControl "180+0"]

1. Nf3 d5 2. d4 c6 3. g3 Nf6 4. Bg2 Bf5 5. O-O h6 6. c4 e6 7. Nc3 Be7 8. Bf4
Nbd7 9. b3 O-O 10. Rc1 a5 11. Qd2 Bb4 12. Qb2 Qe7 13. Nb1 a4 14. a3 Bd6 15.
Ne5 Bxe5 16. dxe5 Nh5 17. Be3 Bxb1 18. Rxb1 axb3 19. g4 dxc4 20. gxh5 Qxa3
21. Qc3 Qa5 22. Qxc4 Qxe5 23. Rxb3 Qxh5 24. Rxb7 Ne5 25. Qf4 Ng6 26. Qg3 c5
27. Rc7 Rfc8 28. Bxa8 Rxa8 29. Rxc5 e5 30. Kh1 Ra4 31. Rg1 Rh4 32. Rc7
{Black forfeits on time}
1-0

[Event "ICCopen2017"]
[Site "Internet Chess Club"]
[Date "2017.03.25"]
[Round "10"]
[White "RdgMx"]
[Black "devotional"]
[Result "1-0"]
[ICCResult "Black checkmated"]
[WhiteElo "1853"]
[BlackElo "2053"]
[Opening "Queen's pawn game"]
[ECO "D02"]
[NIC "QP.08"]
[Time "15:59:45"]
[TimeControl "180+0"]

1. d4 d5 2. Nf3 c6 3. c3 Nf6 4. Bf4 Bf5 5. e3 Nbd7 6. Nbd2 h6 7. Be2 Nh5 8.
Ne5 Nxf4 9. exf4 Nxe5 10. fxe5 e6 11. O-O Be7 12. Bg4 Bh7 13. f4 Qd7 14. Be2
O-O 15. Nf3 Be4 16. Bd3 Bxd3 17. Qxd3 f5 18. exf6 Bxf6 19. Ne5 Bxe5 20. fxe5
Rxf1+ 21. Rxf1 Rf8 22. Qg6 Rxf1+ 23. Kxf1 Qf7+ 24. Qxf7+ Kxf7 25. Kf2 Kg6
26. Kf3 Kf5 27. g4+ Kg5 28. Kg3 h5 29. h4+ Kg6 30. Kf4 hxg4 31. Kxg4 Kh6 32.
h5 g6 33. hxg6 Kxg6 34. b3 b6 35. b4 b5 36. a3 a6 37. Kh4 Kf5 38. Kh5 Ke4
39. Kg6 Kd3 40. Kf6 Kxc3 41. Kxe6 Kxd4 42. Kd6 Kc3 43. e6 d4 44. e7 d3 45.
e8=Q d2 46. Qe3+ Kc2 47. Qe2 Kc1 48. Qe3 Kc2 49. Qe2 Kc1 50. Kxc6 d1=Q 51.
Qxd1+ Kxd1 52. Kb6 Kc2 53. Kxa6 Kb3 54. Kxb5 Kxa3 55. Ka5 Kb3 56. b5 Kc4 57.
b6 Kc5 58. b7 Kc6 59. b8=Q Kd7 60. Qb6 Ke7 61. Qd4 Ke6 62. Kb6 Kf5 63. Qe3
Kg4 64. Qf2 Kh3 65. Qg1 Kh4 66. Kc5 Kh3 67. Kd5 Kh4 68. Ke5 Kh3 69. Kf5 Kh4
70. Qg4# {Black checkmated} 1-0

[Event "ICCopen2017"]
[Site "Internet Chess Club"]
[Date "2017.03.25"]
[Round "10"]
[White "ArchieGoodwin"]
[Black "zhuzhenghai008"]
[Result "1-0"]
[ICCResult "Black resigns"]
[WhiteElo "2565"]
[BlackElo "1970"]
[Opening "Sicilian: Najdorf, 6.Bg5"]
[ECO "B94"]
[NIC "SI.04"]
[Time "15:59:41"]
[TimeControl "180+0"]

1. e4 c5 2. Nf3 d6 3. d4 cxd4 4. Nxd4 Nf6 5. Nc3 a6 6. Bg5 Nbd7 7. Qe2 h6 8.
Bh4 g6 9. f4 e5 10. fxe5 dxe5 11. O-O-O Bg7 12. Nb3 O-O 13. g4 Qc7 14. Bg2
b5 15. Nd5 Nxd5 16. exd5 Bb7 17. d6 Qc8 18. Be7 Re8 19. h4 a5 20. Bxb7 Qxb7
21. Nd2 Nc5 22. Kb1 a4 23. g5 a3 24. b3 Rxe7 25. dxe7 Qxe7 26. Ne4 Ne6 27.
gxh6 Bxh6 28. h5 Bg7 29. hxg6 f5 30. Nd6 Nd4 31. Rxd4 {Black resigns} 1-0

[Event "ICCopen2017"]
[Site "Internet Chess Club"]
[Date "2017.03.25"]
[Round "10"]
[White "LeonieHelm"]
[Black "egya"]
[Result "0-1"]
[ICCResult "White checkmated"]
[WhiteElo "1633"]
[BlackElo "1790"]
[Opening "Blackmar gambit"]
[ECO "B01"]
[NIC "VO.17"]
[Time "15:58:56"]
[TimeControl "180+0"]

1. e4 d5 2. d4 dxe4 3. Nc3 e5 4. d5 f5 5. Bc4 Bc5 6. f3 f4 7. Nxe4 Bxg1 8.
Rxg1 Qh4+ 9. Ke2 Qxh2 10. c3 Bf5 11. Bb5+ Kf8 12. b3 Bxe4 13. Ba3+ Kf7 14.
fxe4 Nf6 15. Qd3 a6 16. Bc4 b5 17. Qf3 bxc4 18. bxc4 Qh5 19. Rab1 g6 20. Rb7
Rc8 21. d6 Nxe4 22. Qxh5 Ng3+ 23. Kf3 Nxh5 24. Rxc7+ Rxc7 25. dxc7 Nd7 26.
Rd1 Nhf6 27. c5 Rc8 28. c6 Nb6 29. Bd6 Nc4 30. g3 fxg3 31. Kxg3 Nxd6 32.
Rxd6 Rxc7 33. c4 Ne4+ 34. Kf3 Nxd6 35. Ke3 Nxc4+ 36. Ke4 Rxc6 37. Kd5 Na5
38. Kxe5 Rc2 39. a4 Ra2 40. Kd6 Rxa4 41. Ke5 g5 42. Kf5 g4 43. Ke5 g3 44.
Kd5 g2 45. Kc5 g1=Q+ 46. Kd6 Qb6+ 47. Kd7 Rd4+ 48. Kc8 Qc6+ 49. Kb8 Qb7#
{White checkmated}
0-1

[Event "ICCopen2017"]
[Site "Internet Chess Club"]
[Date "2017.03.25"]
[Round "10"]
[White "pagoda"]
[Black "trucker"]
[Result "1-0"]
[ICCResult "Black forfeits on time"]
[WhiteElo "1776"]
[BlackElo "1525"]
[Opening "Dunst (Sleipner, Heinrichsen) opening"]
[ECO "A00"]
[NIC "VO.15"]
[Time "15:58:57"]
[TimeControl "180+0"]

1. Nc3 d5 2. e4 d4 3. Nce2 e5 4. Nf3 Nc6 5. Ng3 Nf6 6. Bc4 Bc5 7. O-O O-O 8.
d3 h6 9. Bd2 a6 10. a4 Kh7 11. h3 g6 12. Nh2 Be6 13. Bxe6 fxe6 14. Ng4 Ng8
15. Qc1 Qh4 16. Nxh6 Rf4 17. Ng4 Raf8 18. Ne2 Rxg4 19. hxg4 Qxg4 20. f3 Qh5
21. Bg5 Be7 22. Bxe7 Ncxe7 23. Kf2 Qh4+ 24. Ng3 Kg7 25. Rh1 Qf4 26. Qxf4
Rxf4 27. Ne2 Rf7 28. c3 Nf6 29. Kg3 {Black forfeits on time} 1-0

[Event "ICCopen2017"]
[Site "Internet Chess Club"]
[Date "2017.03.25"]
[Round "10"]
[White "ibarra"]
[Black "fishbein"]
[Result "1-0"]
[ICCResult "Black checkmated"]
[WhiteElo "2766"]
[BlackElo "2657"]
[Opening "Ruy Lopez: exchange, Gligoric variation"]
[ECO "C69"]
[NIC "RL.08"]
[Time "15:59:18"]
[TimeControl "180+0"]

1. e4 e5 2. Nf3 Nc6 3. Bb5 a6 4. Bxc6 dxc6 5. O-O f6 6. d4 exd4 7. Nxd4 c5
8. Nb3 Qxd1 9. Rxd1 Bg4 10. f3 Bd7 11. Bf4 O-O-O 12. Nc3 c4 13. Na5 b5 14.
a4 Bc5+ 15. Kf1 Ne7 16. axb5 axb5 17. b3 Bb4 18. Ne2 Be6 19. Rxd8+ Rxd8 20.
bxc4 bxc4 21. Be3 f5 22. c3 Bd6 23. Nd4 Bf7 24. Bg5 fxe4 25. Bxe7 Bxe7 26.
Nac6 Rd7 27. Ra8+ Kb7 28. Rb8+ Ka6 29. fxe4 Bc5 30. Rf8 Bg6 31. Nb8+ Kb7 32.
Nxd7 Bxf8 33. Nxf8 Bxe4 34. Nfe6 g6 35. Nc5+ Kb6 36. Nxe4 c5 37. Ne6 Kb5 38.
N6xc5 Kc6 39. Ke2 Kd5 40. Ke3 Ke5 41. Na4 Kd5 42. Nb2 Ke5 43. Nxc4+ Kd5 44.
Ncd2 Ke6 45. Nf3 Kd5 46. Nfg5 Kc4 47. Nxh7 Kb3 48. Nhg5 Kc2 49. Nf3 Kb1 50.
Ne5 Kc1 51. Nxg6 Kd1 52. h4 Ke1 53. h5 Kf1 54. h6 Kxg2 55. h7 Kf1 56. h8=Q
Ke1 57. Qh1# {Black checkmated} 1-0

[Event "ICCopen2017"]
[Site "Internet Chess Club"]
[Date "2017.03.25"]
[Round "10"]
[White "Marblerevealer"]
[Black "julkat-ch"]
[Result "1-0"]
[ICCResult "Black forfeits on time"]
[WhiteElo "1771"]
[BlackElo "1821"]
[Opening "Queen's pawn game"]
[ECO "A46"]
[NIC "QP.05"]
[Time "15:58:30"]
[TimeControl "180+0"]

1. d4 Nf6 2. Nf3 e6 3. Bf4 b6 4. e3 Bb7 5. Nbd2 Be7 6. Bc4 d5 7. Bd3 c6 8.
Qe2 Nbd7 9. Ne5 Nxe5 10. Bxe5 c5 11. c3 c4 12. Bc2 b5 13. h4 b4 14. Ba4+ Kf8
15. cxb4 Bxb4 16. O-O Qa5 17. Nxc4 dxc4 18. b3 Ba6 19. Qf3 Rc8 20. Bxf6 gxf6
21. Qxf6 Rg8 22. e4 cxb3 23. axb3 Bxf1 24. Kxf1 Qh5 25. Bd7 Rb8 26. Bxe6 Qg6
27. Qxg6 hxg6 28. Bd5 a5 29. Rc1 Kg7 30. Rc7 Rgf8 31. Ke2 Rbc8 32. Rb7 Rc2+
33. Kf3 Be1 34. e5 Rxf2+ 35. Ke4 Rxg2 36. e6 Bxh4 37. exf7 Rg4+ 38. Kf3 Rg3+
39. Kf4 g5+ 40. Kf5 Rg1 41. Bf3 Rf1 42. Kg4 Rxf3 43. Kxf3 Rxf7+ 44. Kg4 Rxb7
45. Kf5 Rxb3 46. Ke4 {Black forfeits on time} 1-0

[Event "ICCopen2017"]
[Site "Internet Chess Club"]
[Date "2017.03.25"]
[Round "10"]
[White "notetengomiedo"]
[Black "KoolMan"]
[Result "0-1"]
[ICCResult "White checkmated"]
[WhiteElo "1824"]
[BlackElo "2016"]
[Opening "Ruy Lopez: classical (Cordel) defense"]
[ECO "C64"]
[NIC "RL.01"]
[Time "15:58:40"]
[TimeControl "180+0"]

1. e4 e5 2. Nf3 Nc6 3. Bb5 Bc5 4. d3 Nge7 5. Nc3 O-O 6. Qe2 a6 7. Ba4 d6 8.
Bg5 h6 9. Be3 Nd4 10. Bxd4 exd4 11. Nb1 Bg4 12. O-O f5 13. exf5 Bxf5 14.
Bb3+ Kh8 15. Nbd2 Ng6 16. Rae1 Nf4 17. Qe7 Ng6 18. Qxd8 Raxd8 19. Ne4 Bb4
20. Re2 Bg4 21. a3 Ba5 22. Ned2 Bxd2 23. Rxd2 Bxf3 24. gxf3 Nh4 25. Re2
Nxf3+ 26. Kg2 Nh4+ 27. Kg3 Nf5+ 28. Kg2 c6 29. Be6 Nh4+ 30. Kg3 Ng6 31. f4
Rde8 32. f5 Ne5 33. Re4 g6 34. Rxd4 gxf5 35. Rxf5 Rxf5 36. Bxf5 d5 37. Bh3
Rf8 38. Rf4 Rxf4 39. Kxf4 Nf7 40. Kf5 Kg7 41. Bg2 Kf8 42. Ke6 Ke8 43. Bf3
Ng5+ 44. Kd6 Nxf3 45. Kc7 Nxh2 46. Kxb7 a5 47. Kxc6 d4 48. Kd5 Nf3 49. Ke4
Ne1 50. Kxd4 h5 51. Ke3 h4 52. Kf2 Nxc2 53. Kg2 Ne1+ 54. Kh3 Nxd3 55. b4 a4
56. Kxh4 Nxb4 57. Kg3 Nc2 58. Kf3 Nxa3 59. Ke3 Nb5 60. Kd3 a3 61. Kc2 Kd7
62. Kb3 Kc6 63. Kb4 Kb6 64. Kb3 Ka5 65. Ka2 Ka4 66. Ka1 Nd4 67. Kb1 Kb3 68.
Ka1 Nc2+ 69. Kb1 a2+ 70. Kc1 a1=Q+ 71. Kd2 Qe1+ 72. Kd3 Qe3# {White
checkmated} 0-1

[Event "ICCopen2017"]
[Site "Internet Chess Club"]
[Date "2017.03.25"]
[Round "10"]
[White "jjmolina"]
[Black "Gravity"]
[Result "1-0"]
[ICCResult "Black forfeits on time"]
[WhiteElo "1357"]
[BlackElo "1083"]
[Opening "French: advance variation"]
[ECO "C02"]
[NIC "FR.03"]
[Time "15:59:57"]
[TimeControl "180+0"]

1. e4 e6 2. d4 d5 3. e5 c5 4. c3 a6 5. Nf3 Nc6 6. Be3 cxd4 7. cxd4 Nge7 8.
Nc3 Ng6 9. Be2 Bd7 10. Qd2 Be7 11. O-O b5 12. a3 Na5 13. Qd1 Rc8 14. Rb1 O-O
15. Bd3 Qb6 16. Ne1 f5 17. f4 Nh4 18. g3 Ng6 19. Nf3 Qb7 20. h4 Be8 21. Kg2
Nh8 22. Ng5 Qc6 23. Kh3 h6 24. Nf3 Nf7 25. Nh2 h5 26. Nf3 Qd7 27. Ng5 Bxg5
28. fxg5 g6 29. Qd2 Nh8 30. Qf2 Qf7 31. Bf4 {Black forfeits on time} 1-0

[Event "ICCopen2017"]
[Site "Internet Chess Club"]
[Date "2017.03.25"]
[Round "10"]
[White "Maxbet"]
[Black "FlyCatcher"]
[Result "1-0"]
[ICCResult "Black checkmated"]
[WhiteElo "2828"]
[BlackElo "2403"]
[Opening "Giuoco Piano"]
[ECO "C54"]
[NIC "IG.02"]
[Time "15:59:07"]
[TimeControl "180+0"]

1. e4 e5 2. Nf3 Nc6 3. Bc4 Bc5 4. c3 Nf6 5. d3 d6 6. O-O a6 7. Bg5 Ba7 8. a4
h6 9. Bh4 g5 10. Bg3 Bg4 11. Nbd2 Qd7 12. b4 h5 13. h3 h4 14. Bh2 Bh5 15.
Qe1 g4 16. Nxh4 gxh3 17. g3 Ne7 18. Kh1 O-O-O 19. a5 Rdg8 20. Rb1 c6 21.
Ndf3 Ng6 22. Qd2 Bg4 23. Ng5 Nxh4 24. gxh4 Rxg5 25. f3 Bxf3+ 26. Rxf3 Rg2
27. Qe1 Ng4 28. Bg3 d5 29. exd5 cxd5 30. Bb3 e4 31. dxe4 dxe4 32. Qxe4 Rxg3
33. Qc4+ Kb8 34. Qf4+ Qc7 35. Qxc7+ Kxc7 36. Rxg3 f5 37. Rf1 Nf2+ 38. Kh2
Bb8 39. Rxf2 Rg8 40. Rxg8 Kc6+ 41. Rxb8 b5 42. Rf8 Kd6 43. R2xf5 Ke7 44.
R8f6 Kd7 45. Re6 Kd8 46. Rf7 Kc8 47. Rh6 Kd8 48. Rh8# {Black checkmated} 1-0

[Event "ICCopen2017"]
[Site "Internet Chess Club"]
[Date "2017.03.25"]
[Round "10"]
[White "grancaruso"]
[Black "quixotic"]
[Result "1-0"]
[ICCResult "Black forfeits on time"]
[WhiteElo "1803"]
[BlackElo "1559"]
[Opening "Réti opening"]
[ECO "A11"]
[NIC "QP.09"]
[Time "15:59:25"]
[TimeControl "180+0"]

1. Nf3 d5 2. c4 c6 3. e3 Nf6 4. b3 e6 5. Bb2 Be7 6. g3 O-O 7. Bg2 b6 8. O-O
Bb7 9. Qe2 Nbd7 10. Rd1 Qc7 11. Nc3 dxc4 12. bxc4 c5 13. d4 cxd4 14. exd4 a6
15. d5 Nc5 16. Nd4 exd5 17. Nf5 Rfe8 18. Nxd5 Bxd5 19. cxd5 Rad8 20. Qc2 Qd7
21. Ba3 Nfe4 22. d6 Bf6 23. Rac1 Qxf5 24. Bxc5 Qxc5 25. Bxe4 Qxc2 26. Bxc2
Be5 27. d7 Re7 28. Bf5 {Black forfeits on time} 1-0

[Event "ICCopen2017"]
[Site "Internet Chess Club"]
[Date "2017.03.25"]
[Round "10"]
[White "EGK"]
[Black "Gruble"]
[Result "1-0"]
[ICCResult "Black resigns"]
[WhiteElo "1926"]
[BlackElo "1738"]
[Opening "Pirc defense"]
[ECO "B07"]
[NIC "PU.08"]
[Time "16:00:12"]
[TimeControl "180+0"]

1. d4 d6 2. e4 Nf6 3. Nc3 e5 4. dxe5 dxe5 5. Qxd8+ Kxd8 6. f4 exf4 7. Bxf4
Bb4 8. O-O-O+ Ke7 9. Nb5 Na6 10. Bd3 c6 11. Nd4 Bg4 12. Ngf3 Rhd8 13. Bxa6
Bxf3 14. gxf3 Rxd4 15. Rxd4 Bc5 16. Bxb7 Bxd4 17. Bxa8 Nh5 18. Bg3 Be3+ 19.
Kd1 c5 20. Ke2 Bf4 21. Bxf4 Nxf4+ 22. Ke3 Ne6 23. Rd1 {Black resigns} 1-0

[Event "ICCopen2017"]
[Site "Internet Chess Club"]
[Date "2017.03.25"]
[Round "10"]
[White "Renos"]
[Black "Montserrat"]
[Result "0-1"]
[ICCResult "White forfeits on time"]
[WhiteElo "1714"]
[BlackElo "1890"]
[Opening "QGD: exchange, positional line, 5...c6"]
[ECO "D35"]
[NIC "QO.16"]
[Time "15:58:54"]
[TimeControl "180+0"]

1. d4 d5 2. c4 e6 3. Nc3 Nf6 4. cxd5 exd5 5. Bg5 c6 6. e3 Be7 7. Bd3 Nbd7 8.
Qc2 O-O 9. Nf3 Re8 10. O-O Nf8 11. Rab1 Be6 12. b4 a6 13. a4 Rc8 14. b5 axb5
15. axb5 c5 16. dxc5 Bxc5 17. Rfd1 Be7 18. Qb2 h6 19. Bh4 Qc7 20. Rbc1 Qa5
21. Nd4 Rc5 22. Nf5 Bxf5 23. Bxf5 Ra8 24. Ra1 Qd8 25. Rxa8 Qxa8 26. Qb3 Qd8
27. Bxf6 Bxf6 28. Nxd5 Ne6 29. Bxe6 fxe6 30. Nf4 Qe7 31. Nxe6 Rc3 32. Qa2
Kh7 33. Qb1+ g6 34. Nf4 Qf7 35. h3 Rc7 36. b6 Re7 37. Rd6 Re6 38. Rd7 Re7
39. Rxe7 Bxe7 40. Qe4 Bd6 41. Nd5 h5 {White forfeits on time} 0-1

[Event "ICCopen2017"]
[Site "Internet Chess Club"]
[Date "2017.03.25"]
[Round "10"]
[White "sanguine"]
[Black "Persi"]
[Result "1-0"]
[ICCResult "Black forfeits on time"]
[WhiteElo "1042"]
[BlackElo "1175"]
[Opening "French defense"]
[ECO "C00"]
[NIC "FR.01"]
[Time "15:59:42"]
[TimeControl "180+0"]

1. e4 e6 2. Nf3 d5 3. exd5 exd5 4. d4 Nf6 5. Be2 Be7 6. c3 O-O 7. O-O c5 8.
Bf4 Nc6 9. Nbd2 Bd6 10. Bxd6 Qxd6 11. Re1 c4 12. b4 a6 13. Qc2 Bg4 14. h3
Bh5 15. a4 Bg6 16. Qd1 Rfe8 17. Nh4 Ne4 18. Nxg6 hxg6 19. Nxe4 Rxe4 20. Bf3
Rxe1+ 21. Qxe1 Kf8 22. b5 axb5 23. axb5 Rxa1 24. Qxa1 Nd8 25. Qa8 Ke7 26.
Bg4 f5 27. Bf3 Nf7 28. Qxb7+ Kf6 29. Bxd5 Ng5 30. Bxc4 Qe7 31. Qxe7+ Kxe7
32. b6 Kd7 33. Bb5+ {Black forfeits on time} 1-0

[Event "ICCopen2017"]
[Site "Internet Chess Club"]
[Date "2017.03.25"]
[Round "10"]
[White "StaggerLee"]
[Black "bumbleball"]
[Result "0-1"]
[ICCResult "White forfeits on time"]
[WhiteElo "1374"]
[BlackElo "1647"]
[Opening "Scandinavian defense"]
[ECO "B01"]
[NIC "SD.03"]
[Time "15:59:06"]
[TimeControl "180+0"]

1. e4 d5 2. exd5 Nf6 3. Nf3 Qxd5 4. d4 Bg4 5. Be2 e6 6. O-O Bd6 7. c4 Qh5 8.
h3 Nc6 9. c5 Be7 10. Bf4 O-O-O 11. hxg4 Nxg4 12. Bg3 Bxc5 13. Qa4 Nxd4 14.
Nxd4 Rxd4 15. Bxg4 Qxg4 16. Qc2 Rc4 17. Qd3 Rd8 18. Qf3 Qg6 19. Nc3 h5 20.
Rad1 Rxd1 21. Rxd1 Rg4 22. Qd3 Qxd3 23. Rxd3 f6 24. a3 e5 25. b4 Bb6 26. Ne2
e4 27. Rc3 g5 28. a4 a5 29. bxa5 Bxa5 30. Rc4 h4 31. Bh2 f5 32. Nc3 Bxc3 33.
Rxc3 e3 34. Rxe3 Rxa4 35. g3 h3 36. Re1 b5 37. f4 g4 38. Kf2 Ra2+ 39. Re2
Ra1 40. Rb2 c6 41. Rc2 Rh1 42. Bg1 h2 43. Bxh2 Rxh2+ 44. Ke3 Rxc2 45. Kd4
Rg2 46. Ke5 Rxg3 47. Kxf5 Rf3 {White forfeits on time} 0-1